AoeStats
← Yorshka

Arabia

507661548Analyzed
1v1 RM · 14d ago on Sep 19, 2026· 49m 42s· 2 players
Game mode
Random Map
Map size
Tiny (2 player)
Population
200
Speed
Normal
Resources
Standard
Victory
Conquest
Starting age
Dark Age
Ending age
Imperial Age
RankedLock teamsTeams togetherTeam positionsShared explorationLock speedFull tech treeHidden civsTurbo modeCheats
Victory
Defeat
🇲🇽 Huns · Mexico
1901
+21
🇨🇳 Wei · China
2008
-21
KH | BooMBastic_
6:31 Loom
8:54 Feudal Age
9:29 Double-Bit Axe
15:41 Fletching
15:33 Horse Collar
21:57 Castle Age
21:28 Forging
21:57 Bloodlines
24:56 Elite Skirmisher
25:44 Town Watch
26:25 Bodkin Arrow
27:01 Ballistics
30:29 Gold Mining
30:31 Stone Mining
31:20 Wheelbarrow
30:49 Heavy Plow
35:59 Imperial Age
36:06 Hand Cart
36:04 Husbandry
35:50 Light Cavalry
37:02 Bow Saw
37:18 Scale Barding Armor
38:15 Bracer
40:02 Parthian Tactics
41:15 Chemistry
40:48 Heavy Cavalry Archer
42:32 Chain Barding Armor
42:15 Hussar
44:18 Conscription
44:34 Plate Barding Armor
44:59 Iron Casting
45:48 Padded Archer Armor
46:53 Blast Furnace
49:30 Leather Archer Armor
Yorshka
6:15 Loom
9:04 Feudal Age
9:58 Double-Bit Axe
10:18 Horse Collar
12:12 Town Watch
15:58 Wheelbarrow
18:39 Scale Barding Armor
20:22 Bloodlines
23:35 Castle Age
22:20 Bloodlines
22:23 Gold Mining
22:35 Fletching
24:20 Bodkin Arrow
24:47 Bow Saw
26:08 Padded Archer Armor
26:33 Husbandry
27:11 Heavy Plow
28:21 Hand Cart
29:13 Light Cavalry
30:48 Ballistics
31:28 Chain Barding Armor
31:22 Forging
38:27 Imperial Age
36:59 Chain Barding Armor
38:09 Iron Casting
38:24 Leather Archer Armor
39:14 Bracer
40:17 Chemistry
40:57 Blast Furnace
41:07 Leather Archer Armor
42:10 Conscription
41:39 Heavy Hei Guang Cavalry
42:34 Masonry
42:48 Thumb Ring
43:17 Treadmill Crane
44:21 Elite Skirmisher
47:28 Ring Archer Armor
49:07 Ming Guang Armor
49:12 Ming Guang Armor
Connection lost

Rejoining the realm…

Still unreachable

The connection could not be restored.

Session expired

The server has moved on; the page needs a fresh start.